 Dungeon Crawl Stone Soup version 0.31-a0-18-gea43df2a32 (webtiles) character file.

Game seed: 323081263224624667

41265 BlueFish the Frost Mage (level 13, 0/116 HPs)
             Began as a White Draconian Conjurer on May 12, 2023.
             Was an Elder of Vehumet.
             Slain by an orc knight
             ... wielding a +1 bardiche of venom
              (19 damage)
             ... on level 2 of the Orcish Mines.
             The game lasted 00:44:33 (22176 turns).

BlueFish the Frost Mage (White Draconian Conjurer) Turns: 22176, Time: 00:44:34

Health: 0/116      AC: 12    Str: 10    XL:     13   Next: 79%
Magic:  5/23       EV: 13    Int: 24    God:    Vehumet [****..]
Gold:   1133       SH:  0    Dex:  9    Spells: 6/25 levels left

rFire   . . .        u - +3 hammer (protect)
rCold   + + .        (no shield)
rNeg    . . .        (body armour unavailable)
rPois   .            (helmet restricted)
rElec   .            i - scarf {+Inv}
rCorr   .            k - +1 pair of gloves "Hiasemum" {Rampage}
SInv    .            U - +1 pair of boots
Will    .....        (no amulet)
Stlth   +++          P - ring of ice
HPRegen 0.39/turn    Z - ring of protection from fire
MPRegen 0.18/turn

%: rampage
@: lethally poisoned (0 -> -12)
A: breathe frost, AC +8, unfitting armour, cold resistance 1, cold-blooded
a: Breathe Frost, Renounce Religion, Evoke Invisibility


You were on level 2 of the Orcish Mines.
You worshipped Vehumet.
Vehumet was greatly pleased with you.
You visited 4 branches of the dungeon, and saw 19 of its levels.
You also visited: Sewer.

You collected 1349 gold pieces.
You spent 216 gold pieces at shops.

Inventory:

Hand Weapons
 c - a +0 dagger
 d - a +0 short sword
 m - a +0 rapier
 r - a +0 mace of draining
 u - a +3 hammer of protection (weapon)
Missiles
 L - 4 throwing nets
Armour
 i - a scarf of invisibility (worn)
 k - the +1 pair of gloves "Hiasemum" (worn) {Rampage}
   (You found it on level 1 of the Lair of Beasts)

   Rampage:   It bestows one free step when moving towards enemies.
 U - a +1 pair of boots (worn)
 V - a +2 kite shield
Jewellery
 p - a +5 ring of evasion
 C - a +5 ring of evasion
 H - a ring of fire
 P - a ring of ice (left hand)
 Q - a ring of positive energy
 R - a ring of protection from fire
 T - a ring of protection from cold
 Z - a ring of protection from fire (right hand)
Wands
 v - a wand of charming (9)
 G - a wand of flame (25)
 M - a wand of iceblast (21)
Scrolls
 e - 5 scrolls of teleportation
 f - 2 scrolls of fear
 g - 2 scrolls of silence
 h - 5 scrolls of vulnerability
 o - 4 scrolls of blinking
 q - 2 scrolls of immolation {unknown}
 t - 4 scrolls of noise
 w - a scroll of fog {unknown}
 y - 5 scrolls of enchant armour
 z - a scroll of butterflies {unknown}
 B - a scroll of amnesia
 F - 3 scrolls of torment
 I - 2 scrolls of poison {unknown}
 J - a scroll of enchant weapon
 K - a scroll of brand weapon {unknown}
 S - 2 scrolls of magic mapping
 Y - a scroll of identify
Potions
 a - 3 potions of magic
 b - 4 potions of heal wounds
 j - 9 potions of curing
 l - 5 potions of mutation
 n - 2 potions of might
 s - 3 potions of ambrosia
 x - 3 potions of flight
 A - 2 potions of invisibility
 D - 4 potions of berserk rage
 E - 2 potions of cancellation
 N - 4 potions of attraction
 O - a potion of brilliance
 W - a potion of resistance {unknown}
 X - 2 potions of haste


   Skills:
 + Level 11.0 Fighting
 + Level 6.4 Maces & Flails
 + Level 6.8 Dodging
 + Level 7.6 Stealth
 * Level 4.0 Shields
 + Level 6.8 Spellcasting
 + Level 8.5 Conjurations
 - Level 4.2 Translocations
 * Level 11.2 Ice Magic
 + Level 6.5 Air Magic
 + Level 2.5 Earth Magic
 - Level 4.5 Poison Magic
 + Level 6.5 Evocations


You had 6 spell levels left.
You knew the following spells:

 Your Spells              Type           Power      Damage    Failure   Level
a - Magic Dart            Conj           100%       1d8       1%          1
b - Searing Ray           Conj           98%        2d8       1%          2
c - Freezing Cloud        Conj/Ice/Air   33%        6-21      1%          5
d - Mephitic Cloud        Conj/Pois/Air  39%        N/A       1%          3
e - Blink                 Tloc           56%        N/A       1%          2
f - Frozen Ramparts       Ice            100%       1d16      1%          3
g - Stone Arrow           Conj/Erth      68%        3d11      1%          3

Your spell library contained the following spells:

 Spells                   Type           Power      Damage    Failure   Level
 Starburst                Conj/Fire      14%        6d6       43%         6
 Ensorcelled Hibernation  Hex/Ice        100%       N/A       1%          2
 Lesser Beckoning         Tloc           56%        N/A       1%          2
 Momentum Strike          Conj/Tloc      76%        3d10      1%          2
 Poisonous Vapours        Pois/Air       68%        N/A       1%          2
 Dazzling Flash           Conj/Hex       56%        N/A       1%          3
 Hailstorm                Conj/Ice       70%        3d15      1%          3
 Swiftness                Air            39%        N/A       1%          3
 Iskenderun's Mystic Bla  Conj/Tloc      38%        2d9       1%          4
 Sting                    Tmut/Pois      76%        1d6       3%          1
 Fulminant Prism          Conj/Hex       14%        3d8       3%          4
 Olgreb's Toxic Radiance  Pois           29%        N/A       3%          4
 Passwall                 Tmut/Erth      11%        N/A       6%          2
 Ice Form                 Ice/Tmut       52%        N/A       7%          4
 Summon Ice Beast         Ice/Summ       52%        N/A       7%          4
 Necrotise                Necr           32%        1d5       8%          1
 Portal Projectile        Hex/Tloc       36%        N/A       9%          3
 Metabolic Englaciation   Hex/Ice        26%        N/A       21%         5
 Call Canine Familiar     Summ           8%         N/A       22%         3
 Leda's Liquefaction      Hex/Erth       7%         N/A       38%         4
 Petrify                  Tmut/Erth      14%        N/A       38%         4
 Silence                  Hex/Air        12%        N/A       45%         5
 Simulacrum               Ice/Necr       26%        N/A       73%         6
 Agony                    Necr           8%         N/A       90%         5
 Statue Form              Tmut/Erth      9%         N/A       100%        6
 Death's Door             Necr           4%         N/A       100%        9
 Animate Armour           Summ/Erth      Unusable   N/A       N/A         4

Dungeon Overview and Level Annotations

Branches:
Dungeon (11/15)            Temple (1/1) D:6            Lair (5/5) D:9
  Swamp (0/4) Lair:2        Snake (0/4) Lair:2        Slime (0/5) Lair:4
    Orc (2/2) D:10          Sewer (visited)
    Elf: Orc:2

Altars:
Ashenzari
Cheibriados
Dithmenos
Elyvilon
Fedhas
Gozag
Hepliaklqana
Kikubaaqudgha
Makhleb
Nemelex Xobeh
Okawaru
Qazlal
Ru
Sif Muna
Trog
Uskayaw
Vehumet
Wu Jian
Xom
Yredelemnul
Zin
The Shining One

Shops:
D:5 [   D:7 (   D:9 (   Orc:2 *

Portals:
Hell: Lair:5


Innate Abilities, Weirdness & Mutations

You can breathe waves of freezing cold which knock back foes.
Your icy white scales are hard. (AC +8)
You cannot fit into any form of body armour.
Your flesh is cold resistant. (rC+)
You are cold-blooded and may be slowed by cold attacks.


Message History

An orc warrior comes into view.
It is wielding a +0 scimitar and wearing a +2 plate armour of poison resistance.
The orc hits you but does no damage.
An orc warrior comes into view. It is wielding a +0 long sword.
The orc warrior hits you with a +0 glaive!
The orc is engulfed in freezing vapours.
You kill the orc!
Vehumet accepts your kill.
You feel your power returning.
Casting: Freezing Cloud (dangerous; 1% risk of failure)
Confirm with . or Enter, or press ? or * to list all spells.
Aiming: Freezing Cloud (dangerous; 1% risk of failure)
Press: ? - help, Dir - move target You feel a surge of power!
That beam is likely to hit you.
Continue anyway?
You feel sick.
The fungus is engulfed in freezing vapours.
The fungus begins to die.
The warg is engulfed in freezing vapours.
The warg misses you. The orc misses you.
The orc knight is engulfed in freezing vapours.
The orc knight hits you from afar with a +1 bardiche of venom!!!
* * * LOW HITPOINT WARNING * * *
You are more poisoned.
The orc wizard closely misses you.
The orc warrior is engulfed in freezing vapours.
The orc warrior closely misses you.
The orc warrior hits the fungus with a +0 glaive!
You hear a shout! x4
You feel much better.
You feel very sick.
The fungus is engulfed in freezing vapours.
The warg closely misses you. The orc wizard barely misses you.
The orc warrior is engulfed in freezing vapours.
The orc warrior hits you with a +0 glaive!
* * * LOW HITPOINT WARNING * * *
An orc comes into view. It is wielding a +0 hand axe.
The orc closely misses you.
The orc knight is engulfed in freezing vapours.
The orc knight hits you from afar with a +1 bardiche of venom!!
You die...

............. .
........... ..
......§..# .
... .§§§§§..#..
.... §§§§§.....
.....#§o§§§....
...§§§.§.§.....
...§§.o@o...#
.$.§§§§oh..#..o
.....§§§....o..
.P.Po§P§o......
.....o.o.......
..oP8.P........
...............
...∩...........


You could see 2 orc knights, an orc high priest (strong), a warg, 5 orc
warriors, an orc wizard (strong) and 2 orcs.

Vanquished Creatures
  A dire elephant (Lair:5)
  Fannar (D:10)
  Josephine (D:11)
  Harold (Lair:2)
  2 catoblepae
  6 hydras
  Sonja (Lair:2)
  A sixfirhy (Lair:5)
  A wizard (Lair:5)
  Pikel (D:7)
  An oklob plant (Lair:4)
  6 black mambas
  A torpor snail (Lair:3)
  An orange demon (Lair:5)
  6 cane toads
  3 rime drakes
  An unseen horror (D:9)
  A kobold demonologist (D:10)
  8 komodo dragons
  A red devil (Lair:5)
  2 trolls (D:9)
  3 ice devils (Lair:5)
  A hellwing (Lair:5)
  Prince Ribbit (D:8)
  4 polar bears
  11 blink frogs
  2 slime creatures (Lair:4)
  6 wyverns
  Sigmund (D:4)
  5 shadows
  5 wraiths
  51 yaks
  4 basilisks
  Eustachio (D:6)
  3 vampire mosquitoes (D:10)
  A steam dragon (D:6)
  3 nagas (Lair:2)
  17 water moccasins
  2 acid dragons
  5 hell hounds (Lair:5)
  2 orc warriors (D:7)
  4 black bears
  An ice beast (D:5)
  An ogre (D:5)
  3 centaurs
  10 wolves
  4 lemures (D:7)
  8 bullfrogs
  9 kobold brigands
  4 scorpions
  A gnoll sergeant (D:7)
  3 wights (D:9)
  3 killer bees (D:8)
  3 electric eels
  6 howler monkeys
  A hound (D:6)
  2 jellies (Lair:4)
  6 orc priests
  A gnoll bouda (D:5)
  Crazy Yiuf (D:3)
  A sleepcap (D:6)
  Jessica (D:2)
  10 orc wizards
  3 iguanas (D:5)
  4 hell rats (Lair:3)
  Robin (D:3)
  13 gnolls
  15 adders
  A river rat (D:5)
  A shadow imp (D:6)
  A white imp (D:7)
  2 ufetubi (D:4)
  5 worms (Sewer)
  2 dart slugs (D:3)
  35 orcs
  9 ball pythons
  6 bats
  4 endoplasms
  6 giant cockroaches
  14 hobgoblins
  4 jackals (D:1)
  27 kobolds
  2 quokkas
  2 frilled lizards (D:1)
  16 goblins
  7 rats
438 creatures vanquished.

Notes
Turn   | Place    | Note
-------+----------+-------------------------------------------
     0 | D:1      | BlueFish the Draconian Conjurer began the quest for the
                  | Orb.
     0 | D:1      | Reached XP level 1. HP: 14/14 MP: 3/3
   302 | D:1      | Reached XP level 2. HP: 22/22 MP: 0/5
   314 | D:1      | Reached skill level 1 in Fighting
   557 | D:1      | Learned a level 2 spell: Searing Ray
   785 | D:1      | Reached XP level 3. HP: 28/28 MP: 4/6
  1167 | D:2      | Noticed Jessica
  1181 | D:2      | Killed Jessica
  1305 | D:2      | Reached XP level 4. HP: 36/36 MP: 5/7
  1985 | D:3      | Noticed a golden eye
  1987 | D:3      | Found a faded altar of an unknown god.
  1989 | D:3      | Noticed a great orb of eyes
  1989 | D:3      | Noticed a great orb of eyes
  1989 | D:3      | Noticed a floating eye
  2052 | D:3      | Reached XP level 5. HP: 33/44 MP: 2/8
  2170 | D:3      | Found a sparkling altar of Nemelex Xobeh.
  2177 | D:3      | Found a snail-covered altar of Cheibriados.
  2333 | D:3      | Noticed Robin
  2339 | D:3      | Killed Robin
  2869 | D:3      | Found a runed translucent door.
  2870 | D:3      | Noticed Crazy Yiuf
  2876 | D:3      | Killed Crazy Yiuf
  3119 | D:4      | Noticed Sigmund
  3129 | D:4      | Killed Sigmund
  3130 | D:4      | Reached XP level 6. HP: 40/52 MP: 4/10
  3203 | D:4      | Reached skill level 5 in Conjurations
  3395 | D:4      | Found a basalt altar of Yredelemnul.
  3547 | D:5      | Entered Level 5 of the Dungeon
  3618 | D:5      | Found Arris's Antique Armour Emporium.
  3621 | D:5      | Bought a runed scarf for 216 gold pieces
  3799 | D:5      | Your scales start taking on an icy white colour.
  3799 | D:5      | Reached XP level 7. HP: 40/60 MP: 2/11
  3799 | D:5      | Gained mutation: Your flesh is cold resistant. (rC+) [White
                  | Draconian growth]
  3828 | D:5      | Learned a level 5 spell: Freezing Cloud
  4033 | D:5      | Reached skill level 1 in Evocations
  4185 | D:5      | Found a glowing drain.
  4218 | Sewer    | Entered a sewer
  4383 | Sewer    | Reached skill level 1 in Ice Magic
  4495 | Sewer    | Reached skill level 5 in Fighting
  4497 | Sewer    | Reached skill level 1 in Maces & Flails
  4497 | Sewer    | Reached skill level 1 in Air Magic
  4845 | Sewer    | Reached XP level 8. HP: 68/68 MP: 5/13
  6156 | D:6      | Noticed Eustachio
  6178 | D:6      | Killed Eustachio
  6335 | D:6      | Found a staircase to the Ecumenical Temple.
  6349 | Temple   | Entered the Ecumenical Temple
  6394 | Temple   | Became a worshipper of Vehumet
  6962 | D:6      | Reached XP level 9. HP: 75/75 MP: 9/15
  7015 | D:6      | Found a shimmering altar of Xom.
  7017 | D:6      | Found a radiant altar of Vehumet.
  7017 | D:6      | Found a hide-covered altar of Uskayaw.
  7019 | D:6      | Found a bloodstained altar of Trog.
  7019 | D:6      | Found a glowing silver altar of Zin.
  7019 | D:6      | Found a shimmering altar of Xom.
  7238 | D:7      | Found a bloodstained altar of Trog.
  7551 | D:7      | Found an iron altar of Okawaru.
  7759 | D:7      | Reached * piety under Vehumet
  7759 | D:7      | Offered knowledge of Kiss of Death by Vehumet.
  7840 | D:7      | Reached skill level 5 in Ice Magic
  7880 | D:7      | Found a shadowy altar of Dithmenos.
  7926 | D:7      | Noticed Pikel
  7965 | D:7      | Killed Pikel
  8183 | D:7      | Found Luonwinu's Weapon Shop.
  8460 | D:8      | Noticed Prince Ribbit
  8470 | D:8      | Killed Prince Ribbit
  8555 | D:8      | Learned a level 3 spell: Mephitic Cloud
  8558 | D:8      | Learned a level 2 spell: Blink
  8697 | D:8      | Reached skill level 5 in Stealth
  8848 | D:8      | Learned a level 3 spell: Frozen Ramparts
  9113 | D:8      | Reached XP level 10. HP: 86/86 MP: 11/16
 10014 | D:9      | Found a staircase to the Lair.
 10015 | D:9      | Noticed an elephant
 10037 | D:9      | Reached skill level 1 in Translocations
 10037 | D:9      | Reached skill level 1 in Poison Magic
 10319 | D:9      | Found Aceshruilu's Weapon Shoppe.
 10694 | D:9      | Reached ** piety under Vehumet
 10694 | D:9      | Offered knowledge of Shock by Vehumet.
 11058 | D:9      | Reached skill level 5 in Dodging
 11058 | D:9      | Reached skill level 5 in Spellcasting
 11169 | D:10     | Entered Level 10 of the Dungeon
 11288 | D:10     | Reached XP level 11. HP: 91/95 MP: 7/18
 11768 | D:10     | Offered knowledge of Stone Arrow by Vehumet.
 11868 | D:10     | Found a staircase to the Orcish Mines.
 11989 | D:11     | Noticed Fannar
 11989 | D:11     | Noticed Josephine
 12183 | D:11     | Identified the +1 ring mail "Ellireo" {Harm}
 12191 | D:11     | Learned a level 3 spell: Stone Arrow
 12294 | D:10     | Reached *** piety under Vehumet
 12523 | D:11     | Killed Josephine
 12838 | D:10     | Killed Fannar
 13275 | D:11     | Reached skill level 5 in Evocations
 13439 | D:11     | Found a bloodstained altar of Trog.
 13791 | Lair:1   | Entered Level 1 of the Lair of Beasts
 13903 | Lair:1   | Reached skill level 5 in Air Magic
 13907 | Lair:1   | Identified the +1 pair of gloves "Hiasemum" {Rampage}
 14062 | Lair:1   | Offered knowledge of Inner Flame by Vehumet.
 14087 | Lair:1   | Noticed a seven-headed hydra
 14096 | Lair:1   | Killed a seven-headed hydra
 14360 | Lair:1   | Reached XP level 12. HP: 105/105 MP: 14/20
 14997 | Lair:2   | Noticed a four-headed hydra
 15007 | Lair:2   | Killed a four-headed hydra
 15008 | Lair:2   | Reached skill level 5 in Maces & Flails
 15071 | Lair:2   | Found a staircase to the Swamp.
 15071 | Lair:2   | Noticed Harold
 15081 | Lair:2   | Killed Harold
 15364 | Lair:2   | Found a staircase to the Snake Pit.
 15648 | Lair:2   | Noticed Sonja
 15653 | Lair:2   | Killed Sonja
 16048 | Lair:3   | Reached skill level 10 in Fighting
 16080 | Lair:3   | Reached **** piety under Vehumet
 16262 | Lair:3   | Noticed a six-headed hydra
 16269 | Lair:3   | Killed a six-headed hydra
 16270 | Lair:3   | Offered knowledge of Yara's Violent Unravelling by Vehumet.
 16761 | Lair:3   | Reached skill level 10 in Ice Magic
 17552 | Lair:4   | Found a staircase to the Slime Pits.
 18046 | Lair:4   | Reached skill level 1 in Shields
 18178 | Lair:4   | Noticed a catoblepas
 18190 | Lair:4   | Killed a catoblepas
 18191 | Lair:4   | Reached XP level 13. HP: 77/114 MP: 5/22
 18817 | Lair:4   | You fall into a shaft and drop 1 floor!
 18817 | Lair:5   | Entered Level 5 of the Lair of Beasts
 18817 | Lair:5   | Found a gateway to Hell.
 18817 | Lair:5   | Found a burning altar of Makhleb.
 18822 | Lair:5   | Reached skill level 1 in Earth Magic
 19169 | Lair:5   | Reached ***** piety under Vehumet
 19172 | Lair:5   | Offered knowledge of Starburst by Vehumet.
 20014 | Lair:5   | Got Sif Muna's Elucidation of the Plateau and the Catacomb
 20460 | Lair:5   | Noticed a dire elephant
 20492 | Lair:5   | Killed a dire elephant
 22135 | Orc:1    | Entered Level 1 of the Orcish Mines
 22171 | Orc:2    | Entered Level 2 of the Orcish Mines
 22171 | Orc:2    | Found Ijisur's General Store.
 22176 | Orc:2    | Slain by an orc knight

Illustrated notes

Levels and vault maps discovered:
D:1:      dpeg_arrival_tiny_c, layout_basic, reono_crystal_passage,
          chequers_serial_rivers_room_b, minmay_box_of_dots
D:2:      layout_basic, uniq_jessica
D:3:      layout_loops_ring, minitemple, hellmonk_ecumenical_altar_watching_god,
          uniq_crazy_yiuf_cottage, uniq_robin
D:4:      layout_gridville, nicolae_overflow_hidden_temple, st_stairs_8,
          abandoned_shop, grunt_ministairs_7, uniq_sigmund
D:5:      layout_basic, portal_sewer_entry_c, serial_shops,
          nicolae_shop_behind_doors
D:6:      layout_rooms, doesnt_xom_only_xom, temple_fountains,
          nicolae_concentric_dashed_squares_mild, uniq_eustachio
D:7:      layout_rooms, hellmonk_okawaru_the_only_friend_you_need,
          mainiacjoe_overflow_catch_the_wave, serial_shops, shop,
          kennysheep_decorative_pillar, uniq_pikel
D:8:      layout_basic, uniq_prince_ribbit1
D:9:      layout_irregular_city, david_lair_generic, serial_shops,
          nicolae_shop_rolling_square, dreamdust_mushroom_princess
D:10:     layout_big_octagon
D:11:     layout_rooms, minmay_tree_intersection, chequers_serial_rivers_room_a,
          trog_ov_bears_minmay, uniq_fannar, uniq_josephine
Temple:   nicolae_temple_superstar
Lair:1:   dreamdust_cave_troll, layout_layer_cave, infiniplex_staircase_pool_2,
          serial_bayou_shore_b
Lair:2:   layout_long_grid, swamp_mist, nicolae_snake_entry_squirm,
          serial_bayou_lagoon_b, uniq_sonja, uniq_urug, uniq_harold
Lair:3:   layout_hall_layers
Lair:4:   layout_hall_layers, minmay_slime_entry_pillars
Lair:5:   evil_forest, layout_layer_cave
Orc:1:    layout_diamond_mine
Orc:2:    grunt_orc_gardens, layout_caves, grunt_orc_garden, grunt_orc_garden,
          grunt_orc_garden, grunt_orc_garden, ebering_ghost_rock_garden,
          basic_altar, serial_shops, nicolae_shop_real_fake_doors,
          nicolae_orc_lost_temple, uniq_rupert, uniq_maurice

Skill      XL: |  1  2  3  4  5  6  7  8  9 10 11 12 13 |
---------------+----------------------------------------+-----
Stealth        | 2 3 4 5 6 7 |  7.6
Fighting       | 1 2 4 5 6 7 8 9 10 11 | 11.0
Dodging        | 2 3 4 5 6 |  6.8
Spellcasting   | 3 4 5 6 |  6.8
Conjurations   | 5 6 7 8 |  8.5
Evocations     | 1 2 3 4 5 6 |  6.5
Ice Magic      | 2 4 6 7 9 10 11 | 11.2
Maces & Flails | 1 2 3 4 5 6 |  6.4
Air Magic      | 1 2 3 4 5 6 |  6.5
Translocations | 2 3 4 |  4.2
Poison Magic   | 2 3 4 |  4.5
Shields        | 1 4 |  4.0
Earth Magic    | 2 |  2.5

Action                     |  1- 3 |  4- 6 |  7- 9 | 10-12 | 13-15 || total
---------------------------+-------+-------+-------+-------+-------++-------
  Melee: Unarmed           |    18 |       |       |     1 |       ||    19
         Tailslap          |    10 |     7 |    23 |    65 |     7 ||   112
         Dagger            |    25 |       |       |       |       ||    25
         Short sword       |    30 |       |       |       |       ||    30
         Rapier            |     3 |    17 |       |       |       ||    20
         Mace              |       |    55 |   143 |   378 |    46 ||   622
         Punch             |       |       |     3 |     7 |       ||    10
   Cast: Magic Dart        |    47 |    64 |    97 |    58 |       ||   266
         Searing Ray       |     1 |     8 |    60 |     8 |       ||    77
         Frozen Ramparts   |       |       |     5 |    39 |     2 ||    46
         Mephitic Cloud    |       |       |       |     8 |     1 ||     9
         Freezing Cloud    |       |       |       |    82 |    71 ||   153
         Blink             |       |       |       |     1 |       ||     1
         Stone Arrow       |       |       |       |    23 |    27 ||    50
Ability: Breathe Frost     |       |       |     5 |       |     2 ||     7
  Evoke: Wand              |       |       |       |    11 |     7 ||    18
    Use: Scroll            |       |     7 |     2 |     9 |     7 ||    25
         Potion            |       |       |       |     1 |     1 ||     2
   Stab: Sleeping          |     1 |       |     4 |     1 |       ||     6
         Confused          |       |       |       |     3 |       ||     3
 Armour: Skin              |    28 |    31 |    65 |   183 |    33 ||   340
  Dodge: Dodged            |    50 |   138 |   286 |   485 |    75 ||  1034
  Block: Kite shield       |       |       |       |     7 |       ||     7

Table legend: (Time is in decaauts)
 A = Elapsed time spent in this place.
 B = Non-inter-level travel time spent in this place.
 C = Inter-level travel time spent in this place.
 D = Time resting spent in this place.
 E = Time spent auto-exploring this place.
 F = Levels seen in this place.
 G = Mean time per level.
                   A        B        C        D        E       F      G
               +--------+--------+--------+--------+--------+-----+--------+
         Total |  22466 |  21780 |    686 |    776 |  17329 |  20 | 1123.3 |
       Dungeon |  13087 |  12599 |    488 |    737 |   9307 |  11 | 1189.7 |
        Temple |    161 |    138 |     23 |      0 |    119 |   1 |  161.0 |
          Lair |   8332 |   8166 |    166 |     39 |   7208 |   5 | 1666.4 |
  Orcish Mines |     40 |     32 |      8 |      0 |     28 |   2 |   20.0 |
         Sewer |    844 |    844 |      0 |      0 |    666 |   1 |  844.0 |
               +--------+--------+--------+--------+--------+-----+--------+

Top non-repeatable levels by time:
  Lair:5: 2794 daAuts
  Lair:4: 1921 daAuts
     D:5: 1613 daAuts
    D:10: 1599 daAuts
     D:8: 1486 daAuts
     D:9: 1440 daAuts
  Lair:3: 1299 daAuts
  Lair:1: 1255 daAuts
     D:7: 1175 daAuts
     D:3: 1162 daAuts
    D:11: 1132 daAuts
     D:1: 1092 daAuts
     D:6: 1071 daAuts
  Lair:2: 1061 daAuts
   Sewer: 844 daAuts
